← All builds
Suicide front / Armada / Factory first / OBSERVED BUILD

Standard suicide front

The role's default: factory first (mostly Bot Lab), pushing Rocketeer-led bot play into the middle to contest and hold the front, with an Advanced Metal Extractor around 9:36 as the natural transition.

Usually lab first (63%)

#raid #push · 1291 distinct matches · 127 players · 71% of Armada Suicide front games · team won 59% of 1529 · Recently observed

HOW TO PLAY IT

Key timing: Bot Lab by 0:20

  1. Open with mex and wind, drop Bot Lab immediately.
  2. Push out first "Centurion" as Pond's boost lands.
  3. Send "Rocketeer", "Centurion", "Pawn" mix to contest middle.
  4. Add Dragon's Teeth and Sentries to hold the line.
  5. Get Advanced Metal Extractor up as T2 nears.

Phase by phase

TYPICAL OF ITS 1291 GAMES
  1. 1
  2. 2
  3. 3
PLAY THE OPENING

Follow the example game's first 6:00 step by step: what to build now, what comes next, and where it goes. At 1× it keeps pace with your own game.

  1. 1

    Bot Lab first

    Order
    1. Bot LabBot Lab done ~0:20, middle half 0:20–0:33

    Some games also: mex (36%)

  2. 2

    Bot Lab to 5:00

    Economy
    • Metal Extractor5Mex
    • Wind Turbine4Wind
    Builders
    • Construction Bot3 Con bot
    • Lazarus2 Lazarus
    Army
    • Sentry4 Sentry
    • Rocketeer17 Rocketeer
    • Tick2 Tick
    • Centurion1 Centurion
    Other
    • Radar Tower1 Radar Tower

    Some games also: con turret (35%) · pawn (32%)

    By 5:00 in all: 5 mex · 4 wind

    The example game in this phase · 39 steps
    1. Mex
    2. TickTick ×2
    3. SentrySentry
    4. LazarusLazarus ×2
    5. CenturionCenturion
    6. Construction BotCon bot
    7. Mex
    8. Construction BotCon bot
    9. Mex
    10. Radar TowerRadar Tower
    11. RocketeerRocketeer
    12. SentrySentry
    13. RocketeerRocketeer ×2
    14. Mex
    15. RocketeerRocketeer
    16. SentrySentry
    17. RocketeerRocketeer
    18. SentrySentry
    19. Mex
    20. RocketeerRocketeer ×2
    21. Construction BotCon bot
    22. Wind
    23. RocketeerRocketeer ×2
    24. Wind
    25. RocketeerRocketeer
    26. CenturionCenturion
    27. RocketeerRocketeer
    28. Wind
    29. RocketeerRocketeer
    30. SentrySentry
    31. RocketeerRocketeer
    32. Wind
    33. RocketeerRocketeer
    34. Construction BotCon bot
    35. SentrySentry
    36. Con turret
    37. LazarusLazarus
    38. Wind
    39. Construction BotCon bot
  3. 3

    5:00 to 10:00

    Economy
    • Metal Extractor1Mex
    • Wind Turbine17Wind
    Builders
    • Construction Turret2 Con turret
    • Lazarus2 Lazarus
    • Construction Bot1 Con bot
    Army
    • Sentry1 Sentry
    • Rocketeer8 Rocketeer
    • Pawn1 Pawn

    Some games also: tick (47%) · energy storage (46%) · Radar Tower (46%) · centurion (45%) · Beamer (39%)

    By 10:00 in all: 6 mex · 23 wind · 1 energy storage · 3 con turret

    The example game in this phase · 337 steps
    1. Wind
    2. Mex
    3. Radar TowerRadar Tower
    4. RocketeerRocketeer
    5. Mex
    6. Wind
    7. RocketeerRocketeer
    8. Wind
    9. RocketeerRocketeer
    10. Wind
    11. RocketeerRocketeer
    12. CenturionCenturion
    13. RocketeerRocketeer
    14. Wind
    15. RocketeerRocketeer
    16. Wind
    17. RocketeerRocketeer ×4
    18. Energy storage
    19. Wind
    20. Con turret
    21. RocketeerRocketeer
    22. LazarusLazarus
    23. Wind
    24. SentrySentry
    25. Converter
    26. LazarusLazarus
    27. RocketeerRocketeer
    28. Radar TowerRadar Tower
    29. RocketeerRocketeer
    30. LazarusLazarus
    31. Wind
    32. LazarusLazarus
    33. RocketeerRocketeer
    34. Wind
    35. Wind
    36. Energy storage
    37. Wind
    38. RocketeerRocketeer
    39. Twin GuardTwin Guard
    40. Energy storage
    41. Wind
    42. RocketeerRocketeer
    43. Wind
    44. Wind
    45. Converter
    46. RocketeerRocketeer
    47. Wind ×3
    48. RocketeerRocketeer
    49. Wind
    50. Wind
    51. RocketeerRocketeer
    52. Mex
    53. Wind ×2
    54. RocketeerRocketeer
    55. Converter
    56. Wind
    57. HoundHound
    58. Wind
    59. Wind
    60. RocketeerRocketeer
    61. HoundHound
    62. Wind ×2
    63. Wind
    64. HoundHound
    65. PawnPawn
    66. Mex
    67. Twin GuardTwin Guard
    68. Wind ×2
    69. PawnPawn
    70. HoundHound
    71. GuardGuard
    72. Wind
    73. Wind
    74. Advanced Construction BotT2 con bot
    75. Converter
    76. PawnPawn
    77. Wind ×2
    78. Wind
    79. GuardGuard
    80. PawnPawn
    81. HoundHound
    82. Wind
    83. Wind
    84. BeamerBeamer
    85. PawnPawn
    86. Wind
    87. HoundHound
    88. Wind
    89. Converter
    90. Wind
    91. GuardGuard
    92. HoundHound
    93. Wind
    94. Wind
    95. Wind
    96. PawnPawn
    97. HoundHound
    98. Wind
    99. Wind
    100. HoundHound
    101. Converter
    102. Wind
    103. Wind ×2
    104. PawnPawn
    105. BeamerBeamer
    106. HoundHound
    107. Wind
    108. PawnPawn
    109. Wind
    110. HoundHound
    111. Wind
    112. Twin GuardTwin Guard
    113. HoundHound
    114. Converter
    115. Wind
    116. Wind ×2
    117. PawnPawn
    118. HoundHound
    119. SharpshooterSniper botdone 10:29
    120. Wind
    121. PawnPawn
    122. Wind
    123. Advanced Metal ExtractorT2 mexdone 10:58 · typical 9:36
    124. PawnPawn
    125. Wind
    126. PawnPawn
    127. Converter
    128. PawnPawn
    129. Wind
    130. PawnPawn
    131. SharpshooterSniper bot
    132. Wind
    133. Con turret
    134. Wind ×2
    135. Radar TowerRadar Tower
    136. PawnPawn
    137. Converter
    138. PawnPawn
    139. Radar TowerRadar Tower
    140. Advanced solar
    141. HoundHound
    142. Wind
    143. PawnPawn
    144. HoundHound
    145. PawnPawn
    146. Wind
    147. Radar TowerRadar Tower
    148. PawnPawn
    149. Wind
    150. HoundHound
    151. PawnPawn
    152. Converter
    153. Advanced Construction BotT2 con bot
    154. PawnPawn
    155. BeamerBeamer
    156. PawnPawn
    157. Wind
    158. Advanced Metal ExtractorT2 mex
    159. Wind
    160. PawnPawn
    161. HoundHound
    162. Wind
    163. PawnPawn
    164. Advanced solar
    165. BeamerBeamer
    166. PawnPawn
    167. HoundHound
    168. PrudePrudedone 12:09
    169. Converter
    170. PawnPawn
    171. Mex
    172. PawnPawn
    173. Wind
    174. BeamerBeamer
    175. Wind
    176. PawnPawn
    177. Wind
    178. PawnPawn
    179. SmugglerJammer bot
    180. PawnPawn
    181. Converter
    182. CompassRadar bot
    183. Dragon's MawDragon's Maw
    184. Advanced Metal ExtractorT2 mex
    185. Con turret
    186. SmugglerJammer bot
    187. TracerTracer
    188. Advanced solar
    189. Wind ×2
    190. Wind
    191. HoundHound
    192. Converter
    193. HoundHound
    194. Wind ×2
    195. Wind
    196. Converter
    197. HoundHound ×2
    198. Wind
    199. PawnPawn
    200. Vehicle PlantVehicle Plantdone 12:46
    201. PawnPawn
    202. HoundHound
    203. Dragon's MawDragon's Maw
    204. Con turret
    205. Wind
    206. Converter
    207. RattlesnakeRattlesnakedone 13:15
    208. Advanced solar
    209. Metal storage
    210. HoundHound
    211. Vehicle PlantVehicle Plantdone 12:48
    212. PawnPawn
    213. HoundHound ×2
    214. PawnPawn
    215. PincerPincer
    216. BlitzBlitz
    217. PawnPawn
    218. Con turret
    219. Converter
    220. Wind
    221. HoundHound
    222. PawnPawn
    223. PlatypusPlatypus
    224. BlitzBlitz
    225. PincerPincer
    226. PawnPawn
    227. Advanced solar
    228. Converter
    229. PincerPincer
    230. PawnPawn
    231. BlitzBlitz
    232. Wind
    233. PlatypusPlatypus
    234. Dragon's TeethDragon's Teeth
    235. PawnPawn
    236. Dragon's TeethDragon's Teeth
    237. BlitzBlitz
    238. PincerPincer
    239. PawnPawn
    240. PlatypusPlatypus
    241. Dragon's MawDragon's Maw
    242. Advanced Metal ExtractorT2 mex
    243. PawnPawn
    244. GuardGuard
    245. BlitzBlitz
    246. PlatypusPlatypus
    247. PawnPawn
    248. SentrySentry
    249. BlitzBlitz
    250. Sneaky PeteSneaky Pete
    251. PawnPawn
    252. Wind
    253. Converter
    254. PincerPincer
    255. BlitzBlitz
    256. PawnPawn
    257. PlatypusPlatypus
    258. SentrySentry
    259. Advanced solar
    260. Converter
    261. PawnPawn
    262. BlitzBlitz
    263. Wind
    264. Converter
    265. PawnPawn
    266. PlatypusPlatypus
    267. GuardGuard
    268. BlitzBlitz
    269. SentrySentry
    270. PawnPawn
    271. Wind
    272. BlitzBlitz
    273. PawnPawn
    274. Bot LabBot Labdone 14:14
    275. BlitzBlitz
    276. Wind
    277. PawnPawn
    278. SentrySentry
    279. GuardGuard
    280. BlitzBlitz
    281. PawnPawn
    282. LazarusLazarus
    283. Converter
    284. BlitzBlitz
    285. PawnPawn
    286. Wind
    287. PawnPawn
    288. Converter
    289. Dragon's MawDragon's Maw
    290. BlitzBlitz
    291. PawnPawn
    292. Advanced Vehicle PlantAdvanced Vehicle Plantnot finished by 15:00
    293. PawnPawn ×3
    294. BlitzBlitz
    295. PawnPawn ×2
    296. GuardGuard
    297. BlitzBlitz
    298. Mex
    299. PawnPawn ×2
    300. BlitzBlitz
    301. PawnPawn
    302. Radar TowerRadar Tower
    303. PawnPawn
    304. Converter
    305. Dragon's TeethDragon's Teeth
    306. PawnPawn
    307. BlitzBlitz
    308. PawnPawn ×2
    309. BlitzBlitz
    310. PawnPawn
    311. Dragon's TeethDragon's Teeth
    312. Wind
    313. PawnPawn
    314. GuardGuard
    315. PawnPawn
    316. BlitzBlitz
    317. PawnPawn
    318. Dragon's TeethDragon's Teeth
    319. LazarusLazarus
    320. BlitzBlitz
    321. PawnPawn ×2
    322. Dragon's TeethDragon's Teeth
    323. BlitzBlitz
    324. PawnPawn ×2
    325. Converter
    326. Con turret
    327. Dragon's TeethDragon's Teeth
    328. BlitzBlitz
    329. PawnPawn
    330. GuardGuard
    331. PawnPawn
    332. Dragon's TeethDragon's Teeth
    333. PawnPawn
    334. BlitzBlitz
    335. PawnPawn
    336. Construction BotCon bot
    337. BlitzBlitz

Counts are medians over the build's games: half of them build more, half fewer. The example game is Hannodins's (37 OS, 29/09/2026); pick another.

Team trades

IN AT LEAST 30% OF ITS GAMES

You hand over

Nothing regular.

You get

  • Tidal Generator4 Tidal from Pondfirst at 0:10 · in 69% of games
  • Advanced Construction Bot1 T2 con bot from Geo or Techfirst at 7:30 · in 59% of games

How it plays out

Typical game of this build, running totals by minute

Metal produced

010k20k30k
0:005:0010:0015:00

metal

Enemy metal destroyed

05k10k
0:005:0010:0015:00

metal

Own metal lost

05k10k
0:005:0010:0015:00

metal

1529 games.

Show as table
ByMetal produced: This buildEnemy metal destroyed: This buildOwn metal lost: This build
1:0022600
2:0088800
3:002051180106
4:003161658496
5:00424314131026
6:00543322981789
7:00667031752710
8:00792040313619
9:00931747964495
10:001069954265316
11:001226559036054
12:001411365126830
13:001622270137536
14:001810976968373
15:002046683299249
WHAT THE NUMBERS SAY

Standard suicide front play wins slightly more than half its games with fast kills but also fast losses, matching the raw grind of the role.

  • + First kill lands by 2:04 in all games
  • + Metal produced reaches 19882 by 15:00
  • − Own metal lost hits 9208 by 15:00, near metal destroyed of 8172
  • − First unit lost as early as 2:08 in every game
THE EXAMPLE YOU ARE READING

Hannodins

37.0 OS · 29/09/2026

Open source match ↗

164 received units · includes a constructor
311 metal received · 135521 energy received

Allied construction assistance is unknown. Timings are observations, not a promise of solo reproducibility.

Typical milestones

Bot Lab0:20Middle 50%: 0:20–0:33 · n=1522
Advanced Metal Extractor9:36Middle 50%: 8:41–10:48 · n=1128

Played most by

_X_253games of this buildPlatinumBlonde181games of this buildXad120games of this buildImmort73games of this buildwatermeloans60games of this build